cohdb
Replays
Latest Replays
All Replays
Popular Replays
Top Player Replays
Match Explorer
How It Works
Community
CoH3 Stats
Reddit
Sign in to upload your games and track your stats! →
Sign in with Steam
Match 31721289
Unlisted
Match 31721289
Overview
Messages
Build Orders
End
Scout Squad
Scout Squad
Construct Weapon Support Center
Selects Airborne Battlegroup
Selects Pathfinders
M1919 Machine Gun Team
Bazooka Squad
Engineer Squad
Construct Medical Station
Selects Paratrooper Squad Paradrop
Infantry Support Center
M3 Armored Personnel Carrier
Bazooka Squad
Paratrooper Squad Paradrop
Selects Anti-tank Gun Team Paradrop
Anti-tank Gun Team Paradrop
Construct Tank Depot
M4A1 Sherman Medium Tank
Selects Recon Loiter
Selects Paradrop Reinforcements
Makak
FuriousFred
Microsoft Outlook
Microsoft Office Excel
0
0
Comments
sign in to comment!
No comments posted yet!